 Dungeon Crawl Stone Soup version 0.28.0-62-gf88900778d (webtiles) character file.

Game seed: 11942195516388726641

81 Delarado the Magician (level 4, -2/31 HPs)
             Began as a Djinni Fire Elementalist on Apr 23, 2023.
             Killed by divine providence
             ... invoked by an orc priest
              (11 damage)
             ... on level 3 of the Dungeon.
             The game lasted 00:06:12 (1611 turns).

Delarado the Magician (Djinni Fire Elementalist)    Turns: 1611, Time: 00:06:13

Health: -2/31      AC:  5    Str:  9    XL:     4   Next: 68%
Gold:   17         EV: 12    Int: 16    God:
                   SH:  0    Dex: 14

rFire   + + .      SeeInvis .   f - +0 whip
rCold   x . .      Faith    .   (no shield)
rNeg    . . .      Spirit   .   a - +0 robe
rPois   ∞          Reflect  .   (no helmet)
rElec   .          Harm     .   (no cloak)
rCorr   .          Rampage  .   i - +2 pair of gloves {infuse}
Will    .....                   (boots unavailable)
Stlth   ++........              c - amulet of regeneration
HPRegen 0.90/turn               (no ring)
MPRegen 0.00/turn               (no ring)

@: flying
A: sickness immunity, fire resistance 2, cold vulnerability 1, float, innate
caster, HP casting, extra vitality 1
a: no special abilities


You were on level 3 of the Dungeon.
You visited 1 branch of the dungeon, and saw 3 of its levels.

You collected 17 gold pieces.

Inventory:

Hand Weapons
 f - a +0 whip (weapon)
Missiles
 b - 49 stones
 h - 5 poisoned darts (quivered)
Armour
 a - a +0 robe (worn)
 i - a +2 pair of gloves of infusion (worn)
Jewellery
 c - an amulet of regeneration (around neck)
Scrolls
 d - a scroll of teleportation {unknown}
 e - 2 scrolls of noise
 g - a scroll of amnesia {unknown}
 j - a scroll of vulnerability {unknown}


   Skills:
 + Level 0.5 Fighting
 - Level 2.1 Dodging
 - Level 1.5 Stealth
 + Level 3.9 Spellcasting


You couldn't memorise any spells.
You knew the following spells:

 Your Spells              Type           Power      Damage    Failure   Level
a - Foxfire               Conj/Fire      60%        2x1d7     3%          1
b - Scorch                Fire           30%        2d7       5%          2
c - Conjure Flame         Conj/Fire      15%        6-21      11%         3
d - Inner Flame           Hex/Fire       15%        N/A       11%         3
e - Flame Wave            Conj/Fire      15%        2d6       34%         4
f - Shock                 Conj/Air       60%        1d6       3%          1
Your spell library was empty.

Dungeon Overview and Level Annotations

Branches:
Dungeon (3/15)

Altars:
Fedhas

Shops:
D:1 [

Annotations:
D:2 exclusion: scorpion


Innate Abilities, Weirdness & Mutations

You are immune to sickness and miasma.
You are immune to poison.
Your flesh is very heat resistant. (rF++)
You are vulnerable to cold. (rC-)
You float through the air rather than walking.
You learn spells naturally, not from books.
Your magical power is your life essence.
You have superior vitality. (+4 MHP)


Message History

The foxfire hits the orc.
The orc is heavily wounded.
The orc priest begins to cast a cantrip, but forgets the words!
Casting: Foxfire (safe; 3% risk of failure)
Confirm with . or Enter, or press ? or * to list all spells.
You conjure some foxfire!
The orc hits you but does no damage.
The foxfire hits the orc.
You kill the orc!
The foxfire hits the orc priest but does no damage.
The orc priest is heavily wounded.
Casting: Foxfire (safe; 3% risk of failure)
Confirm with . or Enter, or press ? or * to list all spells.
You conjure some foxfire!
The orc priest closely misses you.
You completely miss the orc priest.
The orc priest is heavily wounded.
The foxfire hits the orc priest but does no damage.
The orc priest is heavily wounded.
The foxfire hits the orc priest but does no damage.
The orc priest is heavily wounded.
The orc priest barely misses you.
Casting: Foxfire (safe; 3% risk of failure)
Confirm with . or Enter, or press ? or * to list all spells.
You conjure some foxfire!
The orc priest hits you with a +0 dagger.
* * * LOW HITPOINT WARNING * * *
You hit the orc priest.
* * * LOW HITPOINT WARNING * * *
The orc priest is heavily wounded.
The foxfire hits the orc priest but does no damage.
The orc priest is heavily wounded.
The foxfire hits the orc priest but does no damage.
The orc priest is heavily wounded.
The orc priest barely misses you.
Casting: Foxfire (safe; 3% risk of failure)
Confirm with . or Enter, or press ? or * to list all spells.
You conjure some foxfire!
* * * LOW HITPOINT WARNING * * *
The orc priest invokes the aid of Beogh against you.
Beogh smites you!
You die...

#. #.###.##.#######.#
##.###.#........†......
........#.#..#######.#
.....##......#..# #.#
#.##.##..#.#.#..#######.#
#.##.##....#.#..#.#......
####.##.##..###.#..#.#.#...#
...........v....#..#.#.#...#
###.##.#.v@###.#..#.#.#...#
#.##.#.o..........#.#.#.#
#########.##.#.)..##.#..#.#.#.#.#
.......................>........#
#####.#.#._.#.#...##.#).#.#.#.###
... #....)..).#......÷......#.#
....#.........#...........#.#.#
.....<.......##...#.##......#.###
.###.#...........................


You could see an orc priest (ally target).

Vanquished Creatures
  2 adders (D:2)
  3 dart slugs
  3 orcs (D:3)
  6 ball pythons
  6 endoplasms
  3 giant cockroaches (D:1)
  5 goblins
  4 hobgoblins (D:1)
  2 jackals (D:1)
  2 quokkas
  2 bats (D:1)
  5 frilled lizards
  4 kobolds
  5 rats
52 creatures vanquished.

Vanquished Creatures (others)
  140 foxfires
140 creatures vanquished.

Grand Total: 192 creatures vanquished

Notes
Turn   | Place    | Note
-------+----------+-------------------------------------------
     0 | D:1      | Delarado the Djinni Fire Elementalist began the quest for
                  | the Orb.
     0 | D:1      | Reached XP level 1. HP: 15/15 MP: 0/0
   157 | D:1      | Reached XP level 2. HP: 13/21 MP: 0/0
   353 | D:1      | Reached skill level 3 in Spellcasting
   449 | D:1      | Reached XP level 3. HP: 25/25 MP: 0/0
   449 | D:1      | Learned a level 1 spell: Shock
   558 | D:1      | Found Oczioz's Armour Shoppe.
  1076 | D:2      | Reached XP level 4. HP: 28/31 MP: 0/0
  1168 | D:2      | Noticed a scorpion
  1564 | D:3      | Found a blossoming altar of Fedhas.
  1611 | D:3      | Killed from afar by an orc priest

Illustrated notes

Levels and vault maps discovered:
D:1:      dpeg_arrival_refuge, layout_rooms, serial_shops, shop_statue,
          corexii_item_surrounded_by_moat
D:2:      layout_basic, kennysheep_generic_room_12
D:3:      layout_basic, mainiacjoe_overflow_tiny_flanked,
          hellmonk_ecumenical_altar_watching_god

Skill      XL: |  1  2 |
---------------+-------+-----
Spellcasting   | 3 |  3.9
Fighting       | |  0.5
Dodging        | |  2.1
Stealth        | |  1.5

Action                   |  1- 3 |  4- 6 || total
-------------------------+-------+-------++-------
Melee: Whip              |     3 |     3 ||     6
Throw: Dart              |     5 |     1 ||     6
 Cast: Foxfire           |    65 |    32 ||    97
  Use: Scroll            |     1 |       ||     1
Armor: Robe              |     2 |     5 ||     7
Dodge: Dodged            |    25 |     9 ||    34
